 Dungeon Crawl Stone Soup version 0.24.0-13-gcf9b319 (webtiles) character file.

Game seed: 18245811492192705743, levelgen mode: deterministic

914 Bronimir the Digger (level 7, -1/62 HPs)
             Began as a Troll Earth Elementalist on Apr 1, 2020.
             Was a Follower of Cheibriados.
             Slain by an orc warrior
             ... wielding a +0 mace
              (18 damage)
             ... on level 5 of the Dungeon.
             The game lasted 00:13:53 (5337 turns).

Bronimir the Digger (Troll Earth Elementalist)      Turns: 5337, Time: 00:13:53

Health: -1/62      AC:  6    Str: 22    XL:     7   Next: 82%
Magic:  0/18       EV: 14    Int: 14    God:    Cheibriados [*.....]
Gold:   249        SH:  0    Dex: 13    Spells: 0/10 levels left

rFire    . . .     SeeInvis .     - Unarmed
rCold    . . .     Gourm    +   (no shield)
rNeg     . . .     Faith    .   c - +0 robe
rPois    .         Spirit   +   (helmet restricted)
rElec    +         Reflect  .   (no cloak)
rCorr    .         Harm     .   (gloves unavailable)
MR       .....     Clarity  +   (boots unavailable)
Stlth    ++........             u - amulet of guardian spirit
HPRegen  0.60/turn              e - +3 ring of evasion
MPRegen  0.16/turn              m - ring of magical power

@: very slow
A: large, unfitting armour, claws 3, clarity, fast metabolism 3, gourmand,
regeneration 1, shaggy fur 1, electricity resistance, tough skin 3
a: Bend Time, Renounce Religion


You were on level 5 of the Dungeon.
You worshipped Cheibriados.
Cheibriados was aware of your devotion.
You were very full.

You visited 2 branches of the dungeon, and saw 7 of its levels.

You collected 249 gold pieces.

Inventory:

Hand Weapons
 k - a +0 club
 r - a cursed -3 giant spiked club
 t - a +0 trident of pain
Missiles
 f - 10 poisoned darts
 j - 62 arrows
 p - 25 sling bullets
 s - 116 stones
 v - 14 bolts
 y - 3 javelins (quivered)
Armour
 c - a +0 robe (worn)
Magical Staves
 q - an uncursed staff of poison
Jewellery
 e - a +3 ring of evasion (left claw)
 m - a ring of magical power (right claw)
 u - an amulet of guardian spirit (around neck)
 w - an uncursed ring of protection from magic {unknown}
 z - an uncursed ring of poison resistance {unknown}
Wands
 a - a wand of flame (25)
Scrolls
 g - 2 scrolls of remove curse
 l - 4 scrolls of identify
 n - 4 scrolls of enchant weapon
 o - a scroll of teleportation
 x - 2 scrolls of amnesia
Potions
 h - 3 potions of brilliance
 B - a potion of curing
Comestibles
 d - 4 rations


   Skills:
 * Level 1.3 Fighting
   Level 0.2(0.6) Slings
 + Level 1.3(1.4) Throwing
 * Level 3.8 Dodging
 - Level 1.0 Stealth
 * Level 4.1 Unarmed Combat
 + Level 2.2 Spellcasting
 - Level 0.6 Transmutations
 * Level 5.1 Earth Magic


You couldn't memorise any spells.
You knew the following spells:

 Your Spells              Type           Power        Failure   Level  Hunger
a - Sandblast             Erth           ###...       2%          1    #......
b - Passwall              Tmut/Erth      #.......     11%         2    ###....
c - Stone Arrow           Conj/Erth      #.....       24%         3    ###....
d - Petrify               Tmut/Erth      #.......     56%         4    #####..

Your spell library contained the following spells:

 Spells                   Type           Power        Failure   Level  Hunger
 Lee's Rapid Deconstruct  Erth           ###.......   58%         5    ######.


Dungeon Overview and Level Annotations

Branches:
Dungeon (6/15)             Temple (1/1) D:4

Altars:
Cheibriados
Dithmenos
Elyvilon
Fedhas
Gozag
Kikubaaqudgha
Makhleb
Okawaru
Qazlal
Ru
Sif Muna
Trog
Uskayaw
Vehumet
Wu Jian
Xom
Yredelemnul
Zin

Annotations:
D:4 exclusion: oklob plant


Innate Abilities, Weirdness & Mutations

You are too large for most types of armour.
You have claws for hands.
Your metabolism is lightning-fast.
You like to eat raw meat.
Your natural rate of healing is unusually fast.
You are covered in fur. (AC +1)
You have extremely tough skin. (AC +3)
You possess an exceptional clarity of mind.
You are resistant to electric shocks. (rElec)


Message History

Casting: Sandblast (safe; 2% risk of failure)
Confirm with . or Enter, or press ? or * to list all spells.
You don't have enough magic to cast that spell.
Unknown command.
The orc warrior closely misses you. The orc warrior barely misses you.
Casting: Sandblast (safe; 2% risk of failure)
Confirm with . or Enter, or press ? or * to list all spells.
You don't have enough magic to cast that spell.
The orc warrior closely misses you.
The orc warrior hits you with a +0 mace!
The orc warrior hits you with a +0 mace!
* * * LOW HITPOINT WARNING * * *
It was a potion of mutation.
You feel extremely strange.
Your thoughts seem clearer.
You feel insulated.
The orc warrior hits you with a +0 mace.
* * * LOW HITPOINT WARNING * * *
It was a potion of curing.
You feel better.
The orc warrior hits you with a +0 mace!!
You die...

######..##.#.# #.....
#........).#.######.####
#.####.###.#.#....#.#
#.# #.......#.##.#.# #.#
#####...#.##.#.#
#.####....##.#.##.#.####
#...[.....##.#.##'#.....
##.....#####.#........##
#.#...@o....#........##
#.#.#########........##
#.#.#................##
#.#.#.##########'######
#.#.#.# #......# #
##...#'########......###
#............##......+.#
#.†..........##........#
#.....)...........#..#..


You could see an orc warrior.

Vanquished Creatures
  A sky beast (D:5)
  A centaur (D:5)
  An ogre (D:3)
  A howler monkey (D:3)
  A hound (D:4)
  A centaur skeleton (D:5)
  4 orc priests
  A bullfrog skeleton (D:5)
  2 orc wizards (D:3)
  An iguana (D:4)
  4 worker ants
  A hound skeleton (D:5)
  A worker ant zombie (D:5)
  8 adders
  3 gnolls
  2 oozes
  4 worms
  4 dart slugs
  3 leopard geckos
  8 orcs
  A giant cockroach (D:2)
  10 goblins
  5 hobgoblins
  14 jackals
  8 kobolds
  A quokka (D:2)
  A ball python (D:5)
  4 bats
  7 frilled lizards
  4 rats
107 creatures vanquished.

Notes
Turn   | Place    | Note
-------+----------+-------------------------------------------
     0 | D:1      | Bronimir the Troll Earth Elementalist began the quest for
                  | the Orb.
     0 | D:1      | Reached XP level 1. HP: 16/16 MP: 1/1
   172 | D:1      | Reached skill level 3 in Earth Magic
   187 | D:1      | Reached XP level 2. HP: 24/24 MP: 2/2
   513 | D:1      | Reached XP level 3. HP: 31/31 MP: 3/3
   820 | D:2      | Reached skill level 1 in Unarmed Combat
   850 | D:2      | Learned a level 2 spell: Passwall
  1394 | D:2      | Reached XP level 4. HP: 39/39 MP: 5/5
  1719 | D:3      | HP: 1/39 [gnoll (9)]
  1851 | D:3      | Reached skill level 4 in Earth Magic
  2341 | D:3      | Reached XP level 5. HP: 45/45 MP: 6/6
  2782 | D:4      | Noticed an ogre
  2794 | D:3      | Reached skill level 1 in Throwing
  2797 | D:3      | Killed an ogre
  2797 | D:3      | Reached XP level 6. HP: 53/53 MP: 7/7
  3349 | D:4      | Found a staircase to the Ecumenical Temple.
  3374 | Temple   | Entered the Ecumenical Temple
  3643 | Temple   | Became a worshipper of Cheibriados the Contemplative
  3710 | D:4      | Found an ornate altar of the Wu Jian Council.
  3909 | D:4      | Reached XP level 7. HP: 58/59 MP: 9/9
  3920 | D:4      | Learned a level 3 spell: Stone Arrow
  3925 | D:4      | Learned a level 4 spell: Petrify
  4134 | D:4      | Found the +2 hat of the Bear Spirit {Spirit, +Rage rN+
                  | MR++}
  4143 | D:4      | Found a blossoming altar of Fedhas.
  4158 | D:4      | Noticed an oklob plant
  4486 | D:5      | Entered Level 5 of the Dungeon
  4707 | D:5      | Reached skill level 5 in Earth Magic
  4849 | D:5      | Reached * piety under Cheibriados
  4905 | D:5      | Reached skill level 1 in Fighting
  5336 | D:5      | Gained mutation: You possess an exceptional clarity of
                  | mind. [potion of mutation]
  5336 | D:5      | Gained mutation: You are resistant to electric shocks.
                  | (rElec) [potion of mutation]
  5337 | D:5      | Slain by an orc warrior

Levels and vault maps discovered:
D:1:      kennysheep_arrival_seaside, layout_loops_ring,
          kennysheep_decorative_pillar
D:2:      layout_loops_corners
D:3:      layout_loops_corners, first_ration
D:4:      layout_cave_pools, overflow_temple_1_default, tgw_fedhas,
          minmay_temple_entry_proselytizer, minmay_fractal_squares_diagonal_5
D:5:      layout_basic, hangedman_abyss_or_decor_stagger
D:6:      layout_gridville, basic_altar, dk_rats_in_the_wall
Temple:   regret_index_temple_sphere_string

Skill      XL: |  1  2  3  4  5  6  7 |
---------------+----------------------+-----
Earth Magic    | 3 4 5 |  5.1
Unarmed Combat | 1 2 4 |  4.1
Dodging        | 2 3 |  3.8
Throwing       | 1 |  1.3
Spellcasting   | 2 |  2.2
Fighting       | 1 |  1.3
Slings         | |  0.2
Stealth        | |  1.0
Transmutations | |  0.6

Action                   |  1- 3 |  4- 6 |  7- 9 || total
-------------------------+-------+-------+-------++-------
Melee: Unarmed           |    69 |    98 |    77 ||   244
       Punch             |       |     2 |     2 ||     4
 Fire: Hunting sling     |       |       |    14 ||    14
Throw: Dart              |    15 |     4 |     1 ||    20
       Javelin           |    15 |    26 |     3 ||    44
       Stone             |       |     5 |       ||     5
 Cast: Sandblast         |    15 |    57 |    12 ||    84
       Passwall          |       |     1 |       ||     1
  Use: Potion            |       |     3 |     2 ||     5
       Scroll            |       |       |     9 ||     9
 Stab: Sleeping          |     4 |       |       ||     4
  Eat: Chunk             |    12 |    25 |    17 ||    54
       Ration            |       |     1 |       ||     1
Armor: Robe              |    28 |    44 |    43 ||   115
Dodge: Dodged            |    40 |   120 |    83 ||   243
